 Dungeon Crawl Stone Soup version 0.30-a0-142-g7370640ec8 (webtiles) character file.

Game seed: 8939787422531638233

168 qw the Chopper (level 5, -1/32 HPs)
             Began as a Gargoyle Fighter on Sept 26, 2022.
             Slain by Duvessa
             ... wielding a +0 rapier
              (4 damage)
             ... on level 4 of the Dungeon.
             The game lasted 00:00:52 (1942 turns).

qw the Chopper (Gargoyle Fighter)                   Turns: 1942, Time: 00:00:52

Health: -1/32      AC: 10    Str: 21    XL:     5   Next: 48%
Magic:  5/5        EV:  9    Int:  9    God:
Gold:   70         SH:  4    Dex:  9    Spells: 4/4 levels left

rFire   . . .      SeeInvis .    Y - +0 war axe
rCold   . . .      Faith    .    c - +0 buckler
rNeg    + . .      Spirit   .    b - +0 scale mail
rPois   inf        Reflect  .    (no helmet)
rElec   +          Harm     .    (no cloak)
rCorr   .          Rampage  .    (no gloves)
Will    .....                    (no boots)
Stlth   ..........               (no amulet)
HPRegen 0.10/turn                (no ring)
MPRegen 0.09/turn                (no ring)

@: no status effects
A: sickness immunity, AC +4, negative energy resistance 1, electricity
resistance, torment resistance 1, petrification resistance
a: no special abilities


You were on level 4 of the Dungeon.
You visited 1 branch of the dungeon, and saw 3 of its levels.

You collected 70 gold pieces.


Innate Abilities, Weirdness & Mutations

You are immune to sickness and miasma.
Your stone body is resilient. (AC +4)
You are immune to poison.
You resist negative energy. (rN+)
You are resistant to electric shocks. (rElec)
You are resistant to unholy torment.
You are immune to petrification.


   Skills:
 + Level 3.3 Fighting
 - Level 5.0 Axes
 - Level 3.2 Armour
 - Level 3.2 Shields


You had 4 spell levels left.
You didn't know any spells.
Your spell library was empty.

Inventory:

Hand Weapons
 e - a +0 mace
 Y - a +0 war axe (weapon)
Armour
 b - a +0 scale mail (worn)
 c - a +0 buckler (worn)
 f - a +0 helmet
 h - a +0 pair of boots
Scrolls
 a - a scroll of amnesia {unknown}
 i - 2 scrolls of identify
Potions
 d - a potion of might
 g - a potion of lignification {unknown}
 j - a potion of heal wounds {unknown}
 k - 2 potions of mutation {unknown}
 l - a potion of resistance {unknown}

Dungeon Overview and Level Annotations

Branches:
Dungeon (4/15)
 Temple: D:4-7

Altars:

Annotations:
D:4 Dowan, Duvessa


Message History

Dowan is lightly wounded.
You hit Duvessa but do no damage. You block Duvessa's attack.
Dowan hits you but does no damage. Duvessa hits you but does no damage.
You block Dowan's attack.
You barely miss Dowan.
Dowan is lightly wounded.
You barely miss Duvessa. Duvessa hits you with a +0 rapier.
Dowan hits you with a +0 dagger. You block Duvessa's attack.
You miss Dowan.
Dowan is lightly wounded.
You hit Duvessa but do no damage. Duvessa hits you with a +0 rapier.
Dowan hits you with a +0 dagger. Duvessa hits you with a +0 rapier!
You miss Dowan.
Dowan is lightly wounded.
You hit Duvessa. Duvessa barely misses you.
Dowan gestures wildly while chanting.
Dowan blinks!
You barely miss Duvessa.
Duvessa is lightly wounded.
Duvessa gestures with her weapon.
Duvessa hits you but does no damage. Duvessa hits you with a +0 rapier.
Dowan hits you with a +0 dagger.
You barely miss Duvessa.
Duvessa is lightly wounded.
You closely miss Dowan. Duvessa hits you but does no damage.
Duvessa hits you with a +0 rapier. Dowan barely misses you.
You slash Duvessa!
Duvessa is heavily wounded.
You hit Dowan. Duvessa barely misses you. Dowan hits you but does no damage.
Duvessa hits you but does no damage.
You hit Duvessa but do no damage.
Duvessa is heavily wounded.
You miss Dowan. Duvessa hits you with a +0 rapier.
You die...

...........###.#
...............#
....../.....###
###........### ###
#####..........##
#...##...............#
..................#..#
.......e..........#..#
......e@..........#..#
..................####
..........#.......#
#...##...##.......#
### ######.......#
#########


You could see Duvessa (fast) and Dowan.

Vanquished Creatures
  Natasha (thrice) (D:2)
  Robin (D:2)
  An adder (D:2)
  A worm (D:2)
  A dart slug (D:1)
  5 ball pythons
  3 bats
  4 endoplasms
  3 giant cockroaches
  4 hobgoblins
  4 jackals (D:1)
  5 quokkas
  5 frilled lizards
  13 goblins
  10 kobolds
  3 rats (D:1)
66 creatures vanquished.

Notes
Turn   | Place    | Note
-------+----------+-------------------------------------------
     0 | D:1      | qw the Gargoyle Fighter began the quest for the Orb.
     0 | D:1      | Reached XP level 1. HP: 14/14 MP: 1/1
     0 | D:1      | 0 ||| qw: Version: 0.2-a-10-g399e6c4
     0 | D:1      | 0 ||| qw: Game counter: 461
     0 | D:1      | 0 ||| qw: Always use a shield: true
     0 | D:1      | 0 ||| qw: God list: Okawaru
     0 | D:1      | 0 ||| qw: Allow faded altars: false
     0 | D:1      | 0 ||| qw: Do Orc after D:15 true
     0 | D:1      | 0 ||| qw: Do second Lair branch before Depths: true
     0 | D:1      | 0 ||| qw: Lair rune preference: random
     0 | D:1      | 0 ||| qw: Plans: Normal, Zot:1-4, God:TSO, Crypt, Tomb,
                  | Pan, Slime:5, Hells, Abyss, Orb
     0 | D:1      | 0 ||| PLANNING D:1-11
    46 | D:1      | Reached skill level 2 in Axes
    85 | D:1      | 85 ||| Stepping ~*~*~tactically~*~*~ (stealth).
   124 | D:1      | Reached XP level 2. HP: 19/19 MP: 2/2
   172 | D:1      | 172 ||| Stepping ~*~*~tactically~*~*~ (stealth).
   262 | D:1      | Found a faded altar of an unknown god.
   516 | D:1      | Reached skill level 3 in Axes
   655 | D:1      | Reached XP level 3. HP: 21/23 MP: 3/3
   770 | D:1      | 770 ||| READING scroll labelled YSANEC BIDOIR.
   773 | D:1      | 773 ||| READING 3 scrolls labelled WUIS KUCHUPS.
   774 | D:1      | 774 ||| READING scroll labelled KYIH RIAGUBLE.
   775 | D:1      | 775 ||| READING 2 scrolls of identify.
   775 | D:1      | 775 ||| IDENTIFYING fizzy golden potion
   776 | D:1      | 776 ||| DROPPING potion of brilliance.
   810 | D:2      | 810 ||| Stepping ~*~*~tactically~*~*~ (stealth).
   816 | D:2      | Noticed Robin
   822 | D:2      | 822 ||| Stepping ~*~*~tactically~*~*~ (hiding).
   829 | D:2      | HP: 3/23 [Robin/+0 mace (6)]
   832 | D:2      | Killed Robin
   833 | D:2      | Reached XP level 4. HP: 2/28 MP: 4/4
   848 | D:2      | Noticed Natasha
   849 | D:2      | 849 ||| Stepping ~*~*~tactically~*~*~ (stealth).
   881 | D:2      | HP: 2/28 [Natasha (5)]
   889 | D:2      | Killed Natasha
   890 | D:2      | Reached skill level 4 in Axes
  1212 | D:2      | 1212 ||| DROPPING +0 club.
  1427 | D:2      | Noticed Natasha
  1429 | D:2      | 1429 ||| Stepping ~*~*~tactically~*~*~ (stealth).
  1430 | D:2      | 1430 ||| Stepping ~*~*~tactically~*~*~ (stealth).
  1432 | D:2      | 1432 ||| Stepping ~*~*~tactically~*~*~ (hiding).
  1444 | D:2      | HP: 6/28 [Natasha (4)]
  1446 | D:2      | Killed Natasha
  1447 | D:2      | Reached XP level 5. HP: 7/32 MP: 5/5
  1631 | D:2      | Noticed Natasha
  1632 | D:2      | 1632 ||| Stepping ~*~*~tactically~*~*~ (stealth).
  1814 | D:2      | Killed Natasha
  1815 | D:2      | Reached skill level 5 in Axes
  1825 | D:2      | You fall into a shaft and drop 2 floors!
  1871 | D:4      | 1871 ||| Stepping ~*~*~tactically~*~*~ (stealth).
  1926 | D:4      | Noticed Dowan
  1930 | D:4      | Noticed Duvessa
  1937 | D:4      | HP: 8/32 [Duvessa/+0 rapier (8)]
  1939 | D:4      | HP: 3/32 [Dowan/+0 dagger (3)]
  1942 | D:4      | Slain by Duvessa

Levels and vault maps discovered:
D:1:      onia_arrival_mini_spirals, layout_rooms,
          shapermc_ecumenical_altar_mp_highgroup, minmay_misc_feat_diagonals
D:2:      layout_rooms, uniq_robin, uniq_natasha
D:4:      layout_rooms, guppyfry_early_lair_pool, uniq_duvessa

Skill      XL: |  1  2  3  4  5 |
---------------+----------------+-----
Axes           | 2 3 4 5 |  5.0
Fighting       | |  3.3
Armour         | |  3.2
Shields        | |  3.2

Action                   |  1- 3 |  4- 6 || total
-------------------------+-------+-------++-------
Melee: War axe           |    86 |    94 ||   180
  Use: Scroll            |     4 |       ||     4
Armor: Scale mail        |    48 |    59 ||   107
Dodge: Dodged            |    51 |    35 ||    86
Block: Buckler           |    12 |    17 ||    29

Table legend:
 A = Non-vault XP
 B = Vault XP
 C = Vault XP percentage of total XP
 D = Non-vault monster count
 E = Vault monster count
 F = Vault count percentage of total count
                 A         B        C        D         E       F
            +---------+---------+-------+---------+---------+-------
      Total |     170 |      70 |  29.2 |      53 |      13 |  19.7
            +---------+---------+-------+---------+---------+-------
        D:1 |      45 |       0 |   0.0 |      28 |       0 |   0.0
        D:2 |     117 |      70 |  37.4 |      21 |      13 |  38.2
        D:4 |       8 |       0 |   0.0 |       4 |       0 |   0.0
            +---------+---------+-------+---------+---------+-------
